 Dungeon Crawl Stone Soup version 0.19-a0-1203-g7dfd8ee (webtiles) character file.

4499 LORDOFBUTT the Protected (level 10, -2/90 HPs)
             Began as a Minotaur Fighter on Aug 21, 2016.
             Was an Initiate of Gozag.
             Slain by a killer bee (5 damage)
             ... on level 9 of the Dungeon.
             The game lasted 00:10:51 (6879 turns).

LORDOFBUTT the Protected (Minotaur Fighter)         Turns: 6879, Time: 00:10:54

Health: -2/90      AC:  8    Str: 24    XL:     10   Next: 16%
Magic:  9/9        EV: 13    Int:  5    God:    Gozag
Gold:   659        SH:  0    Dex: 12    Spells: 0 memorised, 9 levels left

rFire  . . .     SeeInvis .     i - +11 hand axe of Elautaeg {elec, Str+4}
rCold  + . .     Gourm    .     b - +0 scale mail
rNeg   . . .     Faith    .     (no shield)
rPois  .         Spirit   .     c - +0 hat
rElec  .         Dismiss  .     (no cloak)
rCorr  .         Reflect  .     (no gloves)
MR     .....     Harm     .     (no boots)
Stlth  ..........               (no amulet)
                                (no ring)
                                r - ring of protection from cold

@: lethally poisoned (-2 -> -8)
A: retaliatory headbutt, hooves 1, horns 2, weak 1
a: Potion Petition, Call Merchant, Bribe Branch, Renounce Religion


You were on level 9 of the Dungeon.
You worshipped Gozag.
Gozag was pleased with you.
You were hungry.

You visited 2 branches of the dungeon, and saw 10 of its levels.

You collected 749 gold pieces.
You paid 90 gold pieces to Gozag.

Inventory:

Hand Weapons
 i - the +11 hand axe of Elautaeg (weapon) {elec, Str+4}
   (You found it on level 2 of the Dungeon)

   Occasionally, upon striking a foe, it will discharge some electrical energy
   and cause terrible harm.
   It affects your strength (+4).
Armour
 b - a +0 scale mail (worn)
 c - a +0 hat (worn)
 g - a +0 cloak
Jewellery
 r - a ring of protection from cold (left hand)
 D - an uncursed ring of magical power {unknown}
Wands
 u - a wand of lightning (1/15)
 z - a wand of slowing (28/48)
 C - a wand of lightning (5/15)
 E - a wand of lightning (11/15)
Scrolls
 a - 2 scrolls of noise {unknown}
 e - a scroll of blinking {unknown}
 h - 3 scrolls of recharging
 j - 4 scrolls of identify
 l - 8 scrolls of remove curse
 m - a scroll of enchant weapon
 t - 2 scrolls of fear {unknown}
 w - a scroll of enchant armour {unknown}
 y - a scroll of amnesia {unknown}
 A - a scroll of fog {unknown}
 G - a scroll of magic mapping {unknown}
Potions
 d - 2 potions of heal wounds
 k - a potion of flight
 p - 2 potions of brilliance
 q - a potion of degeneration
 s - 2 potions of curing
 x - a potion of lignification {unknown}
 F - a potion of berserk rage {unknown}
Books
 v - a book of Misfortune

   Spells                             Type                      Level
   a - Confusing Touch                Hexes                        1
   b - Confuse                        Hexes                        3
   c - Gell's Gravitas                Hexes/Translocation          3
   d - Petrify                        Transmutation/Earth          4
   e - Metabolic Englaciation         Hexes/Ice                    5
   f - Yara's Violent Unravelling     Hexes/Transmutation          5
 I - a book of Conjurations

   Spells                             Type                      Level
   a - Magic Dart                     Conjuration                  1
   b - Searing Ray                    Conjuration                  2
   c - Dazzling Spray                 Conjuration/Hexes            3
   d - Fulminant Prism                Conjuration/Hexes            4
   e - Iskenderun's Mystic Blast      Conjuration                  4
   f - Iskenderun's Battlesphere      Conjuration/Charms           5
Comestibles
 f - 3 bread rations
 n - 3 meat rations
 B - a royal jelly
 H - 5 fruits


   Skills:
 + Level 8.8 Fighting
 + Level 9.1 Axes
 + Level 10.8 Armour
 + Level 6.7 Dodging
 + Level 2.2 Stealth
   Level 4.0 Shields


You had 9 spell levels left.
You didn't know any spells.

Dungeon Overview and Level Annotations

Branches:
Dungeon (9/15)             Temple (1/1) D:7            Lair (0/6) D:8
    Orc: D:9-12

Altars:
Ashenzari
Cheibriados
Dithmenos
Elyvilon
Fedhas
Gozag
Hepliaklqana
Kikubaaqudgha
Makhleb
Nemelex Xobeh
Okawaru
Qazlal
Ru
Sif Muna
Trog
Uskayaw
Vehumet
Xom
Yredelemnul
Zin
The Shining One

Shops:
D:4 (


Innate Abilities, Weirdness & Mutations

You reflexively headbutt those who attack you in melee.
You have a pair of horns on your head.
You have large cloven feet.
You are weak. (Str -2)


Message History

You feel sick.
You hear an angry buzzing noise.
The queen bee calls on the killer bee to defend it!
The killer bee goes berserk!
You feel sick.
The killer bee stings you but does no damage. x2
You hear an angry buzzing noise.
The killer bee barely misses you. The killer bee stings you.
* * * LOW HITPOINT WARNING * * *
The killer bee barely misses you. x2; You furiously retaliate!
You headbutt the killer bee!!
A killer bee comes into view.
As you read the scroll labeled CIBOCWY BEIF, it crumbles to dust.
Your ears itch!
It was a scroll of random uselessness.
You feel sick. The killer bee stings you!
* * * LOW HITPOINT WARNING * * *
You are lethally poisoned!
The killer bee poisons you! The killer bee stings you.
You die...
Your body crumbles into a pile of gold.

....... .......
....... .......
..... #... #
.###...####+##.####
.......@yy$........
.......$y.#$.......
..........#........
.........##...###..
........<##...# .
................
.......y..(.....
####.............
#..............


You could see a queen bee and 3 killer bees.

Vanquished Creatures
  The ghost of LandisOverThere the Spear-Bearer, a novice MfGl (D:6)
  An elephant (D:8)
  The ghost of keltonhicks the Grappler, a novice TrMo of Hepliaklqana (D:5)
  A yak (D:8)
  A hippogriff (D:8)
  A water moccasin (D:7)
  A black bear (D:7)
  A wasp (D:8)
  3 ice beasts
  An ogre (D:8)
  A sky beast (D:8)
  2 big kobolds (D:8)
  5 giant frogs
  2 scorpions (D:5)
  11 killer bees
  5 wights (D:7)
  2 jellies
  3 crimson imps
  A centaur zombie (D:7)
  2 hounds
  A centaur skeleton (D:4)
  A quasit (D:6)
  2 giant frog skeletons
  4 orc priests
  5 orc wizards
  3 iguanas
  Ijyb (D:2)
  5 worker ants
  A killer bee zombie (D:6)
  2 sheep (D:8)
  A hound zombie (D:8)
  A hound skeleton (D:5)
  7 adders
  7 gnolls
  A shadow imp (D:6)
  An adder zombie (D:2)
  4 adder skeletons
  7 worms
  3 dart slugs
  4 giant geckos
  19 orcs
  A ball python (D:4)
  8 giant cockroaches
  3 goblins
  12 hobgoblins
  7 jackals
  9 quokkas
  7 bats
  A giant gecko skeleton (D:2)
  5 giant newts
  A jackal skeleton (D:4)
  11 kobolds
  A quokka skeleton (D:2)
  8 rats
  A withered plant (D:2)
201 creatures vanquished.

Notes
Turn   | Place    | Note
-------+----------+-------------------------------------------
     0 | D:1      | LORDOFBUTT the Minotaur Fighter began the quest for the Orb.
     0 | D:1      | Reached XP level 1. HP: 19/19 MP: 0/0
   149 | D:1      | Reached XP level 2. HP: 26/27 MP: 1/1
   388 | D:1      | Reached skill level 4 in Armour
   582 | D:1      | Reached XP level 3. HP: 33/33 MP: 2/2
   997 | D:2      | Gained mutation: You have large cloven feet. [potion of mutation]
   997 | D:2      | Gained mutation: You are weak. (Str -2) [potion of mutation]
  1181 | D:2      | Noticed Ijyb
  1190 | D:2      | Killed Ijyb
  1190 | D:2      | Reached XP level 4. HP: 30/41 MP: 3/3
  1630 | D:2      | Reached skill level 1 in Dodging
  1787 | D:2      | Got a brightly glowing hand axe
  1788 | D:2      | Identified the +11 hand axe of Elautaeg {elec, Str+4} (You found it on level 2 of the Dungeon)
  1981 | D:3      | Reached XP level 5. HP: 45/47 MP: 4/4
  2053 | D:3      | Reached skill level 5 in Armour
  2055 | D:3      | Reached skill level 5 in Fighting
  2407 | D:4      | Reached XP level 6. HP: 56/56 MP: 5/5
  2409 | D:4      | Found an iron altar of Okawaru.
  2640 | D:4      | Found Uhoot's Antique Weapon Shoppe.
  2959 | D:4      | Found a glowing golden altar of the Shining One.
  2959 | D:4      | Found an ancient bone altar of Kikubaaqudgha.
  3019 | D:5      | Entered Level 5 of the Dungeon
  3059 | D:5      | Noticed keltonhicks's ghost (novice TrMo)
  3065 | D:5      | Killed keltonhicks's ghost
  3065 | D:5      | Reached skill level 5 in Axes
  3065 | D:5      | Reached skill level 6 in Armour
  3065 | D:5      | Reached skill level 1 in Stealth
  3065 | D:5      | Reached XP level 7. HP: 17/62 MP: 6/6
  3070 | D:5      | HP: 3/62 [orc priest/nerve-wracking pain (12)]
  3160 | D:5      | Reached skill level 7 in Armour
  3624 | D:5      | Reached XP level 8. HP: 61/70 MP: 7/7
  4049 | D:6      | Noticed LandisOverThere's ghost (novice MfGl)
  4059 | D:6      | Killed LandisOverThere's ghost
  4059 | D:6      | Reached skill level 8 in Armour
  4511 | D:6      | Reached skill level 5 in Dodging
  4627 | D:6      | Reached skill level 9 in Armour
  4662 | D:7      | Found a staircase to the Ecumenical Temple.
  4672 | Temple   | Entered the Ecumenical Temple
  4863 | Temple   | Became a worshipper of Gozag Ym Sagoz the Greedy
  4934 | D:7      | Reached XP level 9. HP: 73/79 MP: 8/8
  5671 | D:8      | Found a staircase to the Lair.
  5672 | D:8      | Noticed an elephant
  5684 | D:8      | Killed an elephant
  5684 | D:8      | Reached skill level 10 in Armour
  5964 | D:8      | Paralysed by a wasp for 2 turns
  6504 | D:8      | Reached XP level 10. HP: 75/90 MP: 9/9
  6879 | D:9      | HP: 3/90 [killer bee (12)]
  6879 | D:9      | Slain by a killer bee

Vault maps used:
D:1:      noname_arrival_rooms_in_the_neighbourhood
D:2:      minmay_diamond_boxcup, serial_undead, serial_undead_d,
          serial_undead_a, serial_undead_b, serial_undead_a, serial_undead_c,
          uniq_iyjb
D:3:      serial_curves, eino_curves_01, eino_curves_04, first_bread,
          minivault_14
D:4:      okawaru_ov_weapons_minmay, gammafunk_temple_overflow_wave,
          serial_shops, kennysheep_little_box
D:8:      david_lair_generic
D:9:      david_nohive_1
Temple:   dpeg_five_rooms_temple

Skill      XL: |  1  2  3  4  5  6  7  8  9 |
---------------+----------------------------+-----
Fighting       | 4 5 7 8 |  8.8
Armour         | 4 5 6 7 9 10 | 10.8
Shields        | 4 |  4.0
Axes           | 3 4 5 6 7 9 |  9.1
Dodging        | 1 2 3 5 6 |  6.7
Stealth        | 1 2 |  2.2

Action                   |  1- 3 |  4- 6 |  7- 9 | 10-12 || total
-------------------------+-------+-------+-------+-------++-------
Melee: War axe           |    97 |    40 |       |       ||   137
       Headbutt          |    12 |    13 |    34 |     4 ||    63
       Kick              |     9 |    29 |    49 |    11 ||    98
       Hand axe          |       |    62 |   181 |    29 ||   272
  Use: Potion            |     2 |     1 |     2 |     1 ||     6
       Scroll            |     1 |     2 |     5 |     2 ||    10
 Stab: Distracted        |       |       |     2 |       ||     2
  Eat: Beef jerky        |       |     1 |     2 |       ||     3
       Meat ration       |       |     1 |       |       ||     1
       Fruit             |       |       |     5 |       ||     5
       Bread ration      |       |       |     1 |       ||     1
Armor: Scale mail        |    48 |    28 |    51 |    12 ||   139
Dodge: Dodged            |    36 |    41 |    80 |    33 ||   190
Block: Shield            |    30 |       |       |       ||    30
